 Dungeon Crawl Stone Soup version 0.25-a0-504-g768f60da87 (webtiles) character file.

Game seed: 6412921492144860603, levelgen mode: deterministic

4229 Kohma the Frost Mage (level 10, -2/86 HPs)
             Began as a White Draconian Ice Elementalist on Feb 14, 2020.
             Was a Priest of Kikubaaqudgha.
             Slain by an orc priest
             ... wielding a +0 flail
              (3 damage)
             ... on level 8 of the Dungeon.
             The game lasted 00:22:24 (7982 turns).

Kohma the Frost Mage (DrIE)                         Turns: 7982, Time: 00:22:25

Health: -2/86      AC:  8    Str: 11    XL:     10   Next: 9%
Magic:  2/17       EV: 13    Int: 18    God:    Kikubaaqudgha [***...]
Gold:   269        SH:  3    Dex: 12    Spells: 2/19 levels left

rFire    . . .     SeeInvis .   a - +1 dagger (venom)
rCold    + . .     Gourm    .   (no shield)
rNeg     . . .     Faith    .   (armour unavailable)
rPois    .         Spirit   .   (helmet restricted)
rElec    .         Reflect  +   y - scarf {repulsion}
rCorr    .         Harm     .   C - +0 pair of gloves
MR       .....                  (no boots)
Stlth    ++........             s - +3 amulet of reflection
HPRegen  0.24/turn              B - ring of wizardry
MPRegen  0.15/turn              l - +1 ring of evasion

@: frozen ramparts, repel missiles
A: breathe frost, unfitting armour, cold resistance 1, cold-blooded, AC +7
a: Breathe Frost, Receive Corpses, Renounce Religion


You were on level 8 of the Dungeon.
You worshipped Kikubaaqudgha.
Kikubaaqudgha was most pleased with you.
You were not hungry.

You visited 2 branches of the dungeon, and saw 9 of its levels.

You collected 269 gold pieces.

Inventory:

Hand Weapons
 a - a +1 dagger of venom (weapon)
 b - a +0 hunting sling
 f - a +0 rapier
 x - a +0 long sword
Missiles
 e - 4 curare-tipped darts (quivered)
 o - 243 stones
 p - 73 sling bullets
 q - 2 throwing nets
Armour
 y - a scarf of repulsion (worn)
 C - a +0 pair of gloves (worn)
 D - a +0 cloak
Jewellery
 l - a +1 ring of evasion (right hand)
 s - a +3 amulet of reflection (around neck)
 u - an uncursed ring of see invisible
 B - a ring of wizardry (left hand)
Wands
 j - a wand of paralysis (6)
 v - a wand of flame (32)
 A - a wand of scattershot (5)
Scrolls
 c - 5 scrolls of teleportation
 i - a scroll of remove curse
Potions
 d - a potion of cancellation {unknown}
 g - a potion of ambrosia
 h - a potion of resistance
 k - a potion of lignification
 m - a potion of mutation
 r - 2 potions of curing
 t - a potion of brilliance
 w - 2 potions of haste
 z - 3 potions of heal wounds
 F - a potion of might
Comestibles
 n - 9 rations


   Skills:
 + Level 7.4 Fighting
 - Level 3.7(5.1) Short Blades
 + Level 5.4(6.0) Long Blades
 - Level 1.7 Dodging
 - Level 1.7 Stealth
 - Level 5.0 Spellcasting
 - Level 4.0 Summonings
 - Level 6.3 Necromancy
 - Level 8.3 Ice Magic
 - Level 1.0 Air Magic


You had 2 spell levels left.
You knew the following spells:

 Your Spells              Type           Power        Failure   Level  Hunger
a - Freeze                Ice            ####         1%          1    None
b - Frozen Ramparts       Ice            ####..       1%          3    ##.....
c - Summon Ice Beast      Ice/Summ       ####....     4%          4    ####...
d - Vampiric Draining     Necr           ####......   1%          3    ##.....
e - Corpse Rot            Necr/Air       N/A          1%          2    #......
f - Dispel Undead         Necr           ####....     4%          4    ####...

Your spell library contained the following spells:

 Spells                   Type           Power        Failure   Level  Hunger
 Pain                     Necr           ####         1%          1    None
 Sublimation of Blood     Necr           ####......   1%          2    #......
 Magic Dart               Conj           #...         5%          1    None
 Searing Ray              Conj           #.....       9%          2    #......
 Ozocubu's Armour         Chrm/Ice       ###.....     2%          3    ##.....
 Animate Dead             Necr           N/A          4%          4    ####...
 Hailstorm                Conj/Ice       ###.....     10%         4    ####...
 Agony                    Necr           ####....     11%         5    ######.
 Dazzling Flash           Conj/Hex       #.....       16%         3    ##.....
 Borgnjor's Vile Clutch   Necr/Erth      ###.......   36%         5    ######.
 Fulminant Prism          Conj/Hex       #.........   45%         4    ####...
 Iskenderun's Mystic Bla  Conj/Tloc      #.......     45%         4    ####...
 Death Channel            Necr           ####......   50%         6    #######


Dungeon Overview and Level Annotations

Branches:
Dungeon (8/15)             Temple (1/1) D:4
   Lair: D:8-11

Altars:
Ashenzari
Cheibriados
Dithmenos
Elyvilon
Fedhas
Gozag
Hepliaklqana
Kikubaaqudgha
Nemelex Xobeh
Okawaru
Qazlal
Sif Muna
Trog
Uskayaw
Vehumet
Wu Jian
Yredelemnul
The Shining One
Lugonu


Innate Abilities, Weirdness & Mutations

You can breathe waves of freezing cold.
You can buffet flying creatures when you breathe cold.
Your icy white scales are hard. (AC +7)
You cannot fit into any form of body armour.
Your flesh is cold resistant. (rC+)
You are cold-blooded and may be slowed by cold attacks.


Message History

Aim: an orc warrior, wielding a +0 flail and wearing a +0 plate armour (moderately wounded, encased in ice)
The orc warrior is heavily wounded.
You feel life coursing into your body.
The walls release a blast of icicles at the orc warrior!
The orc warrior barely misses you. The orc priest barely misses you.
Casting: Vampiric Draining (safe; 1% risk of failure)
Confirm with . or Enter, or press ? or * to list all spells.
Aiming: Vampiric Draining (safe; 1% risk of failure)
Press: ? - help, Shift-Dir - straight line, f/p - orc warrior
Aim: an orc warrior, wielding a +0 flail and wearing a +0 plate armour (heavily wounded, encased in ice)
The orc warrior is severely wounded.
You feel life coursing into your body.
The orc warrior is no longer encased in ice.
The walls release a blast of icicles at the orc warrior!
The orc warrior is encased in ice.
The orc warrior hits you with a +0 flail!!
* * * LOW HITPOINT WARNING * * *
The orc priest hits you with a +0 flail.
You die...
Kikubaaqudgha rasps: "You have failed me!
Welcome... death!"

.....###.
#.....#.
#...... .
##.....##..
........
...).#
#oo)# #@).#
##÷.# #..≈≈
#.♣≈≈.
≈≈≈≈. ♣.≈.
≈.. (#


You could see an orc warrior and an orc priest.

Vanquished Creatures
  Pikel (D:6)
  Joseph (D:7)
  Grinder (D:3)
  2 hippogriffs (D:7)
  Menkaure (D:7)
  Edmund (D:5)
  Duvessa (D:5)
  A black bear (D:7)
  3 orc warriors
  A sky beast (D:7)
  2 slaves (D:6)
  A phantom (D:5)
  2 ogres
  Blork the orc (D:6)
  3 bullfrogs
  Dowan (D:5)
  A scorpion (D:6)
  4 killer bees (D:5)
  2 howler monkeys (D:5)
  3 crimson imps
  7 hounds
  2 jellies
  A centaur zombie (D:7)
  5 orc wizards
  2 bullfrog skeletons
  5 orc priests
  Jessica (D:2)
  Terence (D:1)
  3 iguanas
  Natasha (thrice) (D:3)
  3 worker ants
  A howler monkey zombie (D:6)
  3 gnolls (D:4)
  10 adders
  A shadow imp (D:7)
  An adder skeleton (D:5)
  4 worms
  2 dart slugs (D:5)
  5 leopard geckos
  23 orcs
  4 ball pythons
  2 giant cockroaches
  5 goblins
  9 hobgoblins
  5 jackals
  7 kobolds
  2 quokkas
  6 bats
  A frilled lizard (D:2)
  A quokka zombie (D:5)
  2 rats
160 creatures vanquished.

Notes
Turn   | Place    | Note
-------+----------+-------------------------------------------
     0 | D:1      | Kohma the Draconian Ice Elementalist began the quest for
                  | the Orb.
     0 | D:1      | Reached XP level 1. HP: 14/14 MP: 3/3
   650 | D:2      | Noticed Terence
   697 | D:1      | Killed Terence
   697 | D:1      | Reached XP level 2. HP: 8/20 MP: 0/5
   697 | D:1      | Reached XP level 3. HP: 10/26 MP: 0/6
   702 | D:1      | Learned a level 3 spell: Frozen Ramparts
   916 | D:2      | Noticed Jessica
   926 | D:2      | Killed Jessica
   926 | D:2      | Reached skill level 5 in Ice Magic
  1000 | D:2      | Reached XP level 4. HP: 8/33 MP: 0/8
  1876 | D:3      | Learned a level 4 spell: Summon Ice Beast
  1936 | D:3      | Noticed Natasha
  1941 | D:3      | Killed Natasha
  2035 | D:3      | Reached XP level 5. HP: 38/38 MP: 5/9
  2039 | D:3      | Reached skill level 1 in Summonings
  2084 | D:3      | Found an ancient bone altar of Kikubaaqudgha.
  2258 | D:3      | Reached skill level 6 in Ice Magic
  2275 | D:3      | Became a worshipper of Kikubaaqudgha
  2550 | D:3      | Found a sparkling altar of Nemelex Xobeh.
  2573 | D:3      | Noticed Grinder
  2577 | D:3      | Paralysed by Grinder for 2 turns
  2584 | D:3      | Paralysed by Grinder for 3 turns
  2934 | D:3      | Noticed Natasha
  2940 | D:3      | Killed Natasha
  2940 | D:3      | Reached XP level 6. HP: 38/45 MP: 7/11
  3145 | D:3      | Noticed Natasha
  3151 | D:3      | Killed Natasha
  3217 | D:3      | Found an ancient bone altar of Kikubaaqudgha.
  3434 | D:3      | Paralysed by Grinder for 7 turns
  3435 | D:3      | Killed Grinder
  3654 | D:3      | Found a sparkling altar of Nemelex Xobeh.
  3927 | D:4      | Reached * piety under Kikubaaqudgha
  3927 | D:4      | Identified Kikubaaqudgha's Incunabulum of Evil
                  | (Kikubaaqudgha gifted it to you on level 4 of the Dungeon)
  3927 | D:4      | Received a gift from Kikubaaqudgha
  3938 | D:4      | Learned a level 3 spell: Vampiric Draining
  4193 | D:4      | Your scales start taking on an icy white colour.
  4193 | D:4      | Reached skill level 8 in Ice Magic
  4193 | D:4      | Reached XP level 7. HP: 41/50 MP: 13/13
  4193 | D:4      | Gained mutation: Your flesh is cold resistant. (rC+) [White
                  | Draconian growth]
  4220 | D:4      | Found a staircase to the Ecumenical Temple.
  4233 | Temple   | Entered the Ecumenical Temple
  4671 | D:5      | Entered Level 5 of the Dungeon
  4683 | D:5      | Reached skill level 1 in Necromancy
  4726 | D:5      | Noticed Duvessa
  4726 | D:5      | Noticed Dowan
  4732 | D:5      | Reached skill level 1 in Fighting
  4738 | D:5      | Killed Duvessa
  4738 | D:5      | Reached skill level 1 in Short Blades
  4739 | D:5      | Killed Dowan
  5106 | D:5      | Reached XP level 8. HP: 61/61 MP: 11/14
  5208 | D:5      | Learned a level 2 spell: Corpse Rot
  5330 | D:5      | Found a snail-covered altar of Cheibriados.
  5419 | D:5      | Found a basalt altar of Yredelemnul.
  5419 | D:5      | Found a shattered altar of Ashenzari.
  5419 | D:5      | Found an iron altar of Okawaru.
  5489 | D:5      | Found an ornate altar of the Wu Jian Council.
  5701 | D:5      | Noticed Edmund
  5724 | D:5      | Killed Edmund
  5815 | D:6      | HP: 3/63 [orc warrior/+0 short sword (8)]
  5816 | D:6      | Reached ** piety under Kikubaaqudgha
  5843 | D:6      | Reached skill level 5 in Spellcasting
  5843 | D:6      | Reached skill level 1 in Air Magic
  6114 | D:6      | Found a hazy altar of Hepliaklqana.
  6349 | D:6      | Reached skill level 5 in Necromancy
  6623 | D:6      | Reached XP level 9. HP: 71/71 MP: 14/16
  6655 | D:6      | Found a hazy altar of Hepliaklqana.
  6659 | D:6      | Noticed Blork the orc
  6676 | D:6      | Killed Blork the orc
  6951 | D:6      | Found a bloodstained altar of Trog.
  6997 | D:6      | Noticed Pikel
  7012 | D:6      | Killed Pikel
  7012 | D:6      | Reached skill level 1 in Long Blades
  7087 | D:7      | Noticed Joseph
  7090 | D:7      | Reached skill level 5 in Fighting
  7106 | D:7      | Killed Joseph
  7138 | D:7      | Reached *** piety under Kikubaaqudgha
  7138 | D:7      | Identified Kikubaaqudgha's Grimoire of Unholy Arts
                  | (Kikubaaqudgha gifted it to you on level 7 of the Dungeon)
  7138 | D:7      | Received a gift from Kikubaaqudgha
  7194 | D:7      | Learned a level 4 spell: Dispel Undead
  7468 | D:7      | Found a glowing golden altar of the Shining One.
  7775 | D:7      | Found a shadowy altar of Dithmenos.
  7778 | D:7      | Noticed Menkaure
  7781 | D:7      | Killed Menkaure
  7781 | D:7      | Reached skill level 5 in Long Blades
  7781 | D:7      | Reached XP level 10. HP: 86/86 MP: 12/17
  7982 | D:8      | HP: 1/86 [orc warrior/+0 flail (19)]
  7982 | D:8      | Slain by an orc priest

Levels and vault maps discovered:
D:1:      dpeg_arrival_arbitrary_b, layout_basic
D:2:      layout_rooms, uniq_terence, uniq_jessica
D:3:      layout_loops_ring, kiku_gazebo_pond_becter,
          nemelex_xobeh_ov_fountains_minmay, uniq_natasha, uniq_grinder
D:4:      cheibrodos_old_hovel, layout_basic, minmay_temple_entry_offerings,
          chequers_serial_rivers_micro_c
D:5:      layout_rooms, chequers_temple_overflow_statue_of_worship, basic_altar,
          first_ration, serial_glass, glass_columns_b, glass_columns_a,
          kennysheep_slug_shrine, uniq_edmund, uniq_duvessa
D:6:      layout_basic, lemuel_coloured_pillars_altar, old_standard_altar,
          basic_altar, uniq_blork_the_orc, uniq_pikel
D:7:      layout_cave_pools, kennysheep_mini_moat, nicolae_tso_carved_into_rock,
          uniq_joseph, uniq_menkaure
D:8:      layout_cave_pools, david_lair_generic, serial_rivers,
          chequers_serial_rivers_marsh, chequers_serial_rivers_room_b,
          chequers_serial_rivers_small_3, chequers_serial_rivers_micro_d,
          chequers_serial_rivers_micro_c, chequers_serial_rivers_large_a,
          hangedman_little_slice_of_home
Temple:   kb_corrupted_temple

Skill      XL: |  1  2  3  4  5  6  7  8  9 |
---------------+----------------------------+-----
Ice Magic      | 5 6 8 |  8.3
Spellcasting   | 3 4 5 |  5.0
Summonings     | 1 2 3 4 |  4.0
Necromancy     | 2 5 6 |  6.3
Fighting       | 2 3 7 |  7.4
Short Blades   | 1 3 |  3.7
Air Magic      | 1 |  1.0
Long Blades    | 5 |  5.4
Dodging        | |  1.7
Stealth        | |  1.7

Action                   |  1- 3 |  4- 6 |  7- 9 | 10-12 || total
-------------------------+-------+-------+-------+-------++-------
Melee: Unarmed           |     7 |       |       |       ||     7
       Whip              |     5 |       |       |       ||     5
       Tailslap          |     1 |     5 |    28 |       ||    34
       Flail             |     8 |    14 |       |       ||    22
       Dagger            |       |    29 |   209 |    14 ||   252
 Fire: Hunting sling     |       |   117 |       |       ||   117
Throw: Dart              |       |     4 |     3 |       ||     7
 Cast: Freeze            |    14 |     4 |     5 |     1 ||    24
       Frozen Ramparts   |       |    16 |    42 |     2 ||    60
       Summon Ice Beast  |       |     2 |       |       ||     2
       Vampiric Draining |       |       |     4 |     2 ||     6
       Dispel Undead     |       |       |       |     1 ||     1
       Corpse Rot        |       |       |       |     1 ||     1
Invok: Receive Corpses   |       |       |       |     1 ||     1
Evoke: Wand              |       |     1 |       |       ||     1
  Use: Scroll            |       |       |    17 |       ||    17
 Stab: Sleeping          |     1 |       |       |       ||     1
       Distracted        |       |     1 |     1 |       ||     2
  Eat: Chunk             |       |    12 |    14 |       ||    26
       Ration            |       |       |       |     1 ||     1
Armor: Skin              |     8 |    29 |    53 |     2 ||    92
Dodge: Dodged            |    34 |    66 |   125 |     3 ||   228
       Deflected         |       |       |     1 |       ||     1
Block: Other             |       |       |     4 |     2 ||     6

Table legend:
 A = Non-vault XP
 B = Vault XP
 C = Vault XP percentage of total XP
 D = Non-vault monster count
 E = Vault monster count
 F = Vault count percentage of total count
                 A         B        C        D         E       F
            +---------+---------+-------+---------+---------+-------
      Total |    3981 |    2061 |  34.1 |     145 |      13 |   8.2
            +---------+---------+-------+---------+---------+-------
        D:1 |       8 |      36 |  81.8 |       5 |       1 |  16.7
        D:2 |      56 |      37 |  39.8 |      16 |       1 |   5.9
        D:3 |     256 |     254 |  49.8 |      35 |       2 |   5.4
        D:4 |     190 |       2 |   1.0 |      13 |       1 |   7.1
        D:5 |     936 |     391 |  29.5 |      23 |       4 |  14.8
        D:6 |     779 |     754 |  49.2 |      27 |       2 |   6.9
        D:7 |    1364 |     587 |  30.1 |      18 |       2 |  10.0
        D:8 |     392 |       0 |   0.0 |       8 |       0 |   0.0
            +---------+---------+-------+---------+---------+-------
